AoeStats
← Banzé

Oasis

508769458Analyzed
3v3 RM · 7d ago on Sep 24, 2026· 67m 16s· 6 players
Game mode
Random Map
Map size
Normal (6 player)
Population
200
Speed
Normal
Resources
Standard
Victory
Conquest
Starting age
Dark Age
Ending age
Imperial Age
RankedLock teamsTeams togetherTeam positionsShared explorationLock speedFull tech treeHidden civsTurbo modeCheats
Victory
Defeat
🇧🇷 Vietnamese · Brazil
1115
+13
🇧🇷 Teutons · Brazil
1049
+15
🇧🇷 Ethiopians · Brazil
978
+18
🇲🇽 Khmer · Mexico
1076
-17
🇨🇴 Magyars · Colombia
1013
-15
🇨🇴 Ethiopians · Colombia
1012
-14
VIT.DanielCR
6:38 Loom
13:00 Feudal Age
13:52 Double-Bit Axe
22:33 Padded Archer Armor
25:33 Castle Age
24:12 Fletching
25:52 Crossbowman
26:37 Thumb Ring
26:53 Bodkin Arrow
Mario
1:26 Loom
13:45 Feudal Age
14:33 Double-Bit Axe
22:24 Castle Age
21:12 Stone Mining
24:22 Wheelbarrow
24:03 Gold Mining
23:56 Horse Collar
24:51 Town Watch
25:31 Hand Cart
26:04 Bow Saw
30:59 Town Patrol
32:16 Bloodlines
32:35 Light Cavalry
33:16 Husbandry
36:28 Imperial Age
34:05 Heavy Plow
36:36 Forging
36:33 Scale Barding Armor
37:43 Hussar
39:28 Iron Casting
40:34 Gold Shaft Mining
40:24 Siege Engineers
40:42 Conscription
41:32 Ballistics
42:48 Double Crossbow
43:31 Chain Barding Armor
43:48 Heavy Scorpion
47:41 Onager
60:27 Fletching
61:38 Blast Furnace
adac1296
11:29 Feudal Age
13:38 Double-Bit Axe
16:18 Castle Age
14:44 Horse Collar
17:39 Loom
18:31 Wheelbarrow
17:42 Town Watch
23:57 Heavy Plow
26:22 Husbandry
26:32 Bloodlines
28:29 Hand Cart
31:15 Imperial Age
28:56 Scale Barding Armor
31:12 Chain Barding Armor
31:26 Cavalier
33:21 Plate Barding Armor
32:47 Gold Mining
33:30 Crop Rotation
34:41 Fletching
35:36 Gold Shaft Mining
35:24 Conscription
35:39 Bodkin Arrow
35:48 Corvinian Army
35:40 Light Cavalry
37:20 Ballistics
38:02 Chemistry
37:06 Hussar
38:38 Elite Magyar Huszar
40:32 Bracer
40:36 Recurve Bow
41:00 Paladin
42:38 Parthian Tactics
46:45 Heavy Cavalry Archer
49:26 Padded Archer Armor
53:19 Murder Holes
54:00 Town Patrol
61:29 Siege Engineers
61:35 Masonry
t3o
7:50 Loom
7:58 Loom
8:21 Loom
11:11 Feudal Age
12:07 Double-Bit Axe
12:03 Horse Collar
21:15 Castle Age
19:07 Fletching
20:39 Padded Archer Armor
21:33 Crossbowman
23:17 Bodkin Arrow
24:00 Wheelbarrow
24:19 Leather Archer Armor
27:35 Thumb Ring
27:42 Thumb Ring
28:16 Bow Saw
28:06 Heavy Plow
28:00 Gold Mining
28:57 Town Watch
36:49 Imperial Age
35:33 Hand Cart
37:44 Bracer
38:15 Ring Archer Armor
38:08 Ballistics
38:48 Chemistry
37:59 Masonry
38:18 Town Patrol
38:51 Conscription
38:37 Arbalester
39:31 Murder Holes
43:02 Architecture
46:26 Scale Barding Armor
46:32 Forging
45:44 Light Cavalry
46:25 Husbandry
46:44 Hussar
48:55 Chain Barding Armor
52:09 Siege Engineers
57:29 Caravan
57:59 Coinage
57:43 Guilds
Banzé
6:14 Loom
10:08 Feudal Age
11:57 Double-Bit Axe
12:00 Horse Collar
21:02 Castle Age
21:21 Scale Barding Armor
21:27 Forging
21:29 Bloodlines
22:03 Bow Saw
22:57 Heavy Plow
23:30 Gold Mining
28:18 Wheelbarrow
29:05 Chain Barding Armor
29:21 Iron Casting
30:16 Iron Casting
30:01 Hand Cart
38:16 Imperial Age
38:18 Cavalier
39:35 Plate Barding Armor
39:58 Paladin
42:02 Blast Furnace
zeca.carvalho
7:32 Loom
10:55 Feudal Age
14:48 Wheelbarrow
14:55 Double-Bit Axe
19:26 Fletching
20:52 Padded Archer Armor
27:18 Castle Age
28:11 Bodkin Arrow
28:31 Crossbowman
29:17 Thumb Ring
30:10 Leather Archer Armor
38:34 Imperial Age
36:41 Scale Mail Armor
36:06 Pikeman
36:47 Squires
40:31 Bracer
40:28 Arbalester
42:46 Ring Archer Armor
45:13 Chain Mail Armor
45:53 Hand Cart
47:21 Halberdier
51:00 Plate Mail Armor
54:16 Bow Saw
53:52 Horse Collar
55:16 Arson
56:02 Ballistics
56:42 Chemistry
55:58 Fortified Wall
55:59 Siege Engineers
56:09 Masonry
55:59 Murder Holes
58:08 Caravan
58:57 Paper Money
64:28 Elite Skirmisher
67:59 Two-Man Saw
Connection lost

Rejoining the realm…

Still unreachable

The connection could not be restored.

Session expired

The server has moved on; the page needs a fresh start.